Match 45961597
Unlisted

Match 45961597
End
Construct Section Command Post
Dingo Light Scout Car
Infantry Section
Infantry Section
Selects Australian Defense Battlegroup
Selects Australian Light Infantry Section
Australian Light Infantry Section
Construct Platoon Command Post
Selects CMP 15cwt Supply Run
Selects 2-pounder Anti-tank Gun Team
Unlock M3 Stuart Light Tanks
M3 Stuart Light Tank
CMP 15cwt Truck
2-pounder Anti-tank Gun Team
Selects CMP 15cwt Supply Run
Selects Reinforced Resource Caches
Forward Retreat Point
Unlock Bishop Self-propelled Artillery
Bishop Self-propelled Artillery
Construct Company Command Post
Crusader II Medium Tank
Crusader II Medium Tank
Unlock M3 Grant Medium Tanks
Selects Vehicle Over Repair
M3 Grant Medium Tank
TheMallis
76561197987473845
jaws2005
Tharrats
kingdom
Stormless
Humongous
Henkolicious
0
0

Comments sign in to comment!

No comments posted yet!